 Dungeon Crawl Stone Soup version 0.20-a0-940-g1ecfa5a (webtiles) character file.

22411 Rrauwl the Fighter (level 13, -3/111 HPs)
             Began as a Barachi Berserker on Mar 31, 2017.
             Was a Priest of Okawaru.
             Slain by a six-headed hydra (11 damage)
             ... on level 3 of the Lair of Beasts.
             The game lasted 01:16:12 (16590 turns).

Rrauwl the Fighter (Barachi Berserker)             Turns: 16590, Time: 01:16:13

Health: -3/111     AC: 29    Str: 23    XL:     13   Next: 0%
Magic:  20/21      EV: 11    Int:  8    God:    Okawaru [***...]
Gold:   691        SH:  0    Dex: 12    Spells: 5/12 levels left

rFire    . . .     SeeInvis .   t - +3 quarterstaff (chaos)
rCold    . . .     Gourm    +   (shield currently unavailable)
rNeg     . . .     Faith    .   x - +0 plate armour
rPois    +         Spirit   .   K - +2 hat
rElec    .         Reflect  .   w - +1 cloak
rCorr    .         Harm     .   f - +1 pair of gloves
MR       +....                  N - +2 pair of boots {run}
Stlth    ..........             F - amulet of the gourmand
Regen    0.3/turn               u - ring of poison resistance
MPRegen  0.2/turn               d - ring of protection from magic

@: heroism, can't hop
A: +LOS, swims, slowness 1, strong legs 2
a: Hop, Heroism, Renounce Religion


You were on level 3 of the Lair of Beasts.
You worshipped Okawaru.
Okawaru was most pleased with you.
You were very full.

You visited 3 branches of the dungeon, and saw 14 of its levels.

You collected 737 gold pieces.
You spent 46 gold pieces at shops.

Inventory:

Hand Weapons
 t - a +3 quarterstaff of chaos (weapon)
Armour
 f - a +1 pair of gloves (worn)
 w - a +1 cloak (worn)
 x - a +0 plate armour (worn)
 K - a +2 hat (worn)
 N - a +2 pair of boots of running (worn)
Magical Staves
 H - an uncursed staff of poison
 R - an uncursed staff of cold
Jewellery
 d - a ring of protection from magic (right hand)
 u - a ring of poison resistance (left hand)
 E - an uncursed ring of wizardry
 F - an amulet of the gourmand (around neck)
 P - a cursed ring of teleportation {unknown}
Wands
 a - a wand of iceblast (7/15)
 i - a wand of iceblast (7/15)
 y - a wand of digging (18/24)
 A - a wand of digging (3/24)
 C - a wand of clouds (8/9)
 G - a wand of lightning (11/15)
 L - a wand of acid (7/15)
 Q - a wand of lightning (10/15)
Scrolls
 e - 2 scrolls of immolation
 g - 4 scrolls of fog
 j - 2 scrolls of teleportation
 m - 3 scrolls of magic mapping
 n - a scroll of fear
 o - a scroll of noise
 q - 4 scrolls of remove curse
 M - a scroll of vulnerability
Potions
 h - 2 potions of cancellation
 k - a potion of brilliance
 r - 4 potions of curing
 s - a potion of ambrosia
 O - a potion of agility
Books
 I - a book of Changes

   Spells                             Type                      Level
   a - Beastly Appendage              Transmutation                1
   b - Sticks to Snakes               Transmutation                2
   c - Spider Form                    Transmutation/Poison         3
   d - Ice Form                       Ice/Transmutation            4
   e - Blade Hands                    Transmutation                5
Miscellaneous
 D - a phial of floods
Comestibles
 c - 6 bread rations
 z - 4 meat rations
 B - 9 royal jellies
 J - 14 fruits


   Skills:
 - Level 13.0(18.0) Fighting
   Level 3.0(11.3) Polearms
 + Level 9.6(14.9) Staves
 - Level 12.0(17.0) Armour
 - Level 3.1(8.1) Dodging
 + Level 0.0 Ice Magic
 + Level 5.5 Poison Magic
 + Level 3.1 Invocations
 + Level 11.8 Evocations


You had 5 spell levels left.
You knew the following spells:

 Your Spells              Type           Power        Failure   Level  Hunger
a - Spider Form           Tmut/Pois      #.........   100%        3    ####...
b - Ice Form              Ice/Tmut       #.......     100%        4    #####..


Dungeon Overview and Level Annotations

Branches:
Dungeon (10/15)            Temple (1/1) D:4            Lair (3/6) D:10
  Snake (0/4) Lair:2          Orc (0/2) D:10
  Swamp: Lair:2-4    Shoals: Lair:2-4

Altars:
Ashenzari
Cheibriados
Dithmenos
Elyvilon
Fedhas
Gozag
Hepliaklqana
Kikubaaqudgha
Makhleb
Nemelex Xobeh
Okawaru
Qazlal
Ru
Sif Muna
Trog
Uskayaw
Vehumet
Wu Jian
Xom
Yredelemnul
Zin
The Shining One

Shops:
D:7 (*   D:8 ?:*


Innate Abilities, Weirdness & Mutations

Shadows flee at your approach. (+LOS)
You can swim through water.
You cover ground slowly.
You can hop longer distances.


Message History

Press: ? - help, Dir - move target cursor Boing!
Evoke which item? (* to show all) (? for menu, Esc to quit)
Aiming: Iceblast
Press: ? - help, Shift-Dir - straight line, f - six-headed hydra
Aim: a six-headed hydra (heavily wounded, berserk, fast, unusually strong)
The mass of ice explodes!
The iceblast engulfs the six-headed hydra.
The six-headed hydra is severely wounded.
This wand has 7 charges left.
Evoke which item? (* to show all) (? for menu, Esc to quit)
Aiming: Corrosive Bolt
Press: ? - help, Shift-Dir - straight line, f/p - six-headed hydra
Aim: a six-headed hydra (severely wounded, berserk, fast, unusually strong)
The bolt of acid hits the six-headed hydra.
The six-headed hydra is splashed with acid.
The acid corrodes the six-headed hydra!
The six-headed hydra is almost dead.
This wand has 7 charges left.
The six-headed hydra bites you!
You die...

##............#....
#............###'.
#.................
##........###......
#........#.....##..
##...#..#...#..#...
#....####..........
#...#####..#...⌠...
##@.###..........<.
#.D..##....#...⌠...
##..## ....##......
#...## ###.....#...
##....###.##.....#..
#.#...##.#.###......
###......[....##....
#..............#.'#
##.................


You could see a six-headed hydra (berserk).

Vanquished Creatures
  Gastronok (D:10)
  A hydra (Lair:3)
  Fannar (Lair:3)
  4 two-headed ogres
  5 death yaks (Lair:3)
  The ghost of Banto the Spear-Bearer, a novice DsGl of Okawaru (D:9)
  An unseen horror (D:7)
  The ghost of crossborder the Chopper, a novice HOFi of Beogh (D:5)
  An ugly thing (D:10)
  Maurice (D:8)
  A gargoyle (D:10)
  A rime drake (Lair:3)
  2 spiny frogs
  2 komodo dragons
  A troll (D:10)
  A polar bear (Lair:3)
  3 hornets (D:10)
  2 wandering mushrooms (Lair:2)
  3 hippogriffs
  5 blink frogs (Lair:1)
  2 wyverns
  The ghost of crossborder the Skirmisher, an amateur DsFi (D:3)
  A hungry ghost (D:9)
  Edmund (D:4)
  A soldier ant (D:10)
  5 water moccasins
  4 phantoms
  3 porcupines
  2 ice beasts
  3 orc warriors
  5 black bears
  10 ogres
  6 centaurs
  2 wolves (D:10)
  6 crocodiles
  Blork the orc (D:5)
  6 bullfrogs
  A big kobold (D:10)
  3 scorpions
  5 wights (D:7)
  14 killer bees
  2 electric eels (D:10)
  2 howler monkeys (D:10)
  5 crimson imps
  A jelly (D:10)
  2 quasits
  2 bullfrog skeletons
  6 hounds
  7 orc priests
  A gnoll shaman (D:7)
  Crazy Yiuf (D:7)
  3 iguanas
  15 orc wizards
  15 worker ants
  A hound skeleton (D:7)
  8 gnolls
  A howler monkey skeleton (D:7)
  9 adders
  A shadow imp (D:10)
  An ooze (D:3)
  An adder zombie (D:5)
  2 worms
  2 dart slugs (D:2)
  7 leopard geckos
  32 orcs
  A ball python (D:1)
  8 bats
  5 giant cockroaches
  8 goblins
  11 hobgoblins
  9 jackals
  3 quokkas
  2 frilled lizards
  8 kobolds
  3 leopard gecko skeletons (D:5)
  A leopard gecko zombie (D:5)
  4 rats
310 creatures vanquished.

Vanquished Creatures (collateral kills)
  A hippogriff (Lair:3)
1 creature vanquished.

Vanquished Creatures (others)
  A hippogriff (Lair:3)
  2 yaks (Lair:3)
  A water moccasin (Lair:3)
  A crocodile (Lair:3)
  A bullfrog (Lair:3)
  3 fungi (Lair:3)
  2 plants (Lair:3)
11 creatures vanquished.

Grand Total: 322 creatures vanquished

Notes
Turn   | Place    | Note
-------+----------+-------------------------------------------
     0 | D:1      | Rrauwl the Barachi Berserker began the quest for the Orb.
     0 | D:1      | Reached XP level 1. HP: 18/18 MP: 1/1
    58 | D:1      | Reached XP level 2. HP: 5/25 MP: 2/2
   400 | D:1      | Reached skill level 4 in Fighting
   998 | D:1      | Reached XP level 3. HP: 30/30 MP: 3/3
  1787 | D:2      | Reached XP level 4. HP: 38/38 MP: 4/4
  1935 | D:2      | Reached ** piety under Trog
  1935 | D:2      | Reached skill level 5 in Fighting
  2062 | D:2      | Found a burning altar of Makhleb.
  2062 | D:2      | Noticed a cacodemon
  2065 | D:2      | Noticed a neqoxec
  2065 | D:2      | Noticed a ynoxinul
  2294 | D:3      | Noticed crossborder's ghost (amateur DsFi)
  2314 | D:3      | Killed crossborder's ghost
  2314 | D:3      | Reached skill level 6 in Fighting
  2314 | D:3      | Reached skill level 5 in Armour
  2314 | D:3      | Reached XP level 5. HP: 46/46 MP: 5/5
  2314 | D:3      | Reached XP level 6. HP: 52/52 MP: 6/6
  2928 | D:4      | Found a staircase to the Ecumenical Temple.
  2952 | D:4      | Noticed Edmund
  2963 | D:4      | Killed Edmund
  3003 | Temple   | Entered the Ecumenical Temple
  3464 | D:4      | Noticed a phantom
  3493 | D:4      | Killed a phantom
  3493 | D:4      | Reached skill level 7 in Fighting
  3493 | D:4      | Reached XP level 7. HP: 48/60 MP: 7/7
  3858 | D:4      | Got a slimy robe
  3878 | D:4      | Identified the +1 robe of the Ant {+Blink rPois rF+ MR-} (You found it on level 4 of the Dungeon)
  4878 | D:4      | Reached skill level 8 in Fighting
  4878 | D:4      | Reached XP level 8. HP: 54/68 MP: 8/8
  5027 | D:5      | Entered Level 5 of the Dungeon
  5057 | D:5      | Noticed Blork the orc
  5076 | D:5      | Killed Blork the orc
  5256 | D:5      | Reached skill level 9 in Fighting
  6175 | D:5      | Noticed crossborder's ghost (novice HOFi)
  6203 | D:5      | Killed crossborder's ghost
  6203 | D:5      | Reached skill level 10 in Fighting
  6203 | D:5      | Reached skill level 10 in Armour
  6203 | D:5      | Reached XP level 9. HP: 79/79 MP: 9/9
  6637 | D:6      | Reached *** piety under Trog
  6640 | D:6      | Found a shimmering altar of Xom.
  6787 | D:6      | Reached skill level 11 in Fighting
  7600 | D:7      | Reached skill level 1 in Evocations
  8150 | D:7      | Found Dacuitas's Assorted Antiques.
  8159 | D:7      | Bought a scroll labeled SOFEPOKHL SOUR for 32 gold pieces
  8435 | D:7      | Found a runed door.
  8439 | D:7      | Noticed Crazy Yiuf
  8447 | D:7      | Killed Crazy Yiuf
  8447 | D:7      | Reached XP level 10. HP: 88/88 MP: 11/11
  8578 | D:7      | Killed an unseen horror
  8802 | D:7      | Reached **** piety under Trog
  8802 | D:7      | Reached skill level 12 in Fighting
  8843 | D:7      | Found Witwal's Antique Weapon Boutique.
  9217 | D:8      | Found Empatoe's Magic Scroll Emporium.
  9250 | D:8      | Bought a scroll of noise for 14 gold pieces
  9270 | D:8      | Noticed Maurice
  9278 | D:8      | Killed Maurice
  9318 | D:8      | Found Lunorayh's Book Shoppe.
  9442 | D:8      | Found Foufyorph's General Store.
  9906 | D:9      | Noticed a two-headed ogre
  9913 | D:9      | Killed a two-headed ogre
  9913 | D:9      | Reached skill level 5 in Evocations
 10001 | D:9      | Noticed Banto's ghost (novice DsGl)
 10013 | D:9      | Killed Banto's ghost
 10013 | D:9      | Reached skill level 13 in Fighting
 10150 | D:9      | Reached skill level 1 in Staves
 10150 | D:9      | Reached XP level 11. HP: 98/98 MP: 16/16
 10183 | D:9      | Noticed a two-headed ogre
 10190 | D:9      | Killed a two-headed ogre
 10608 | D:10     | Entered Level 10 of the Dungeon
 10650 | D:10     | Found a staircase to the Orcish Mines.
 11002 | D:10     | Reached ***** piety under Trog
 11266 | D:10     | Found a staircase to the Lair.
 11411 | D:10     | Reached skill level 5 in Staves
 11540 | D:10     | Noticed a white ugly thing
 11557 | D:10     | Killed a white ugly thing
 11988 | D:10     | Noticed Gastronok
 11997 | D:10     | Killed Gastronok
 12188 | D:10     | Noticed a two-headed ogre
 12195 | D:10     | Killed a two-headed ogre
 12195 | D:10     | Reached skill level 10 in Evocations
 12289 | D:10     | Noticed a two-headed ogre
 12299 | D:10     | Killed a two-headed ogre
 12299 | D:10     | Reached XP level 12. HP: 96/105 MP: 19/19
 12700 | D:10     | Identified a +2 pair of boots of running (You found it on level 10 of the Dungeon)
 12867 | Temple   | Fell from the grace of Trog
 12867 | Temple   | Became a worshipper of Warmaster Okawaru
 12874 | Temple   | Learned a level 3 spell: Spider Form
 13043 | Lair:1   | Entered Level 1 of the Lair of Beasts
 13297 | Lair:1   | Reached skill level 1 in Poison Magic
 13606 | Lair:1   | Reached * piety under Okawaru
 14335 | Lair:2   | Found a staircase to the Snake Pit.
 14344 | Lair:2   | Found a shadowy altar of Dithmenos.
 14870 | Lair:3   | Noticed a death yak
 14870 | Lair:3   | Noticed a death yak
 14870 | Lair:3   | Noticed a death yak
 14870 | Lair:3   | Noticed a death yak
 14872 | Lair:3   | Noticed a death yak
 15404 | Lair:3   | Killed a death yak
 15411 | Lair:3   | Killed a death yak
 15411 | Lair:3   | Reached ** piety under Okawaru
 15411 | Lair:3   | Reached skill level 1 in Invocations
 15415 | Lair:3   | Killed a death yak
 15422 | Lair:3   | Killed a death yak
 15423 | Lair:3   | Killed a death yak
 15659 | Lair:3   | Noticed Fannar
 15665 | Lair:3   | Paralysed by Trog for 7 turns
 15700 | Lair:3   | Reached skill level 5 in Poison Magic
 15757 | Lair:3   | Killed Fannar
 15757 | Lair:3   | Reached *** piety under Okawaru
 15807 | Lair:3   | Noticed a five-headed hydra
 15817 | Lair:3   | Killed a five-headed hydra
 16281 | Lair:3   | Gained mutation: You can hop longer distances. [Barachi growth]
 16281 | Lair:3   | Reached XP level 13. HP: 91/111 MP: 21/21
 16357 | Lair:3   | Learned a level 4 spell: Ice Form
 16586 | Lair:3   | HP: 4/111 [six-headed hydra (11)]
 16590 | Lair:3   | Slain by a six-headed hydra

Vault maps used:
D:1:      onia_arrival_pentagram
D:2:      makhleb_altar_promises_db
D:3:      hex_large
D:4:      minmay_temple_entry_statues_pillars, first_bread,
          kennysheep_generic_room_14, uniq_edmund
D:5:      uniq_blork_the_orc
D:6:      overflow_temple_1_default
D:7:      serial_shops, shop_statue, kennysheep_mini_moat,
          uniq_crazy_yiuf_cottage
D:8:      serial_shops, shop, nicolae_shop_waterfront, shop, uniq_maurice
D:10:     erik_lair_island, orc_0_dummy, hangedman_pestilent_swarm,
          uniq_gastronok
Temple:   kilobyte_greek_temple
Lair:2:   dummy_snake_entry, lemuel_oklob_altar, lemuel_fruit_fields
Lair:3:   lemuel_old_faithful, lemuel_fruit_tree, minmay_lair_oklob_chamber,
          grunt_megastairs_2, uniq_fannar

Skill      XL: |  1  2  3  4  5  6  7  8  9 10 11 12 |
---------------+-------------------------------------+-----
Armour         | 3 5 6 7 10 11 12 | 12.0
Fighting       | 4 6 7 8 10 11 13 | 13.0
Dodging        | 3 |  3.1
Evocations     | 2 7 10 11 | 11.8
Staves         | 1 7 9 |  9.6
Poison Magic   | 5 |  5.5
Invocations    | 3 |  3.1
Polearms       | |  3.0

Action                   |  1- 3 |  4- 6 |  7- 9 | 10-12 | 13-15 || total
-------------------------+-------+-------+-------+-------+-------++-------
Melee: Spear             |   129 |   178 |   698 |       |       ||  1005
       Unarmed           |       |       |     1 |       |       ||     1
       Quarterstaff      |       |       |       |   648 |    34 ||   682
       Staff             |       |       |       |    19 |       ||    19
Invok: Burn Spellbooks   |     1 |       |       |       |       ||     1
       Berserk           |       |     3 |    16 |    13 |       ||    32
       Trog's Hand       |       |     2 |     4 |     2 |       ||     8
       Heroism           |       |       |       |     6 |     2 ||     8
 Abil: Hop               |       |       |       |     1 |     2 ||     3
Evoke: Wand              |       |       |       |     4 |     2 ||     6
  Use: Potion            |       |    10 |     3 |    12 |     2 ||    27
       Scroll            |       |       |    13 |    11 |       ||    24
 Stab: Paralysed         |       |       |       |     5 |       ||     5
       Distracted        |       |       |       |     1 |       ||     1
       Petrified         |       |       |       |     1 |       ||     1
       Invisible         |       |       |       |     3 |       ||     3
  Eat: Chunk             |     3 |     5 |    19 |    33 |       ||    60
       Meat ration       |       |     1 |     2 |     2 |       ||     5
       Royal jelly       |       |       |     2 |     2 |       ||     4
       Bread ration      |       |       |       |     1 |       ||     1
Armor: Animal skin       |    15 |       |       |       |       ||    15
       Ring mail         |    20 |    37 |   166 |       |       ||   223
       Plate armour      |       |       |    46 |   462 |    60 ||   568
       Scale mail        |       |       |     3 |       |       ||     3
       Skin              |       |       |       |    17 |       ||    17
Dodge: Dodged            |    58 |    86 |   299 |   239 |    31 ||   713
